General information
- name: BNet
- type: Ladder team game (AT/RT)
- host: Battle.net
- saver: bannedfromwc3
map: UpperKingdom
- players: 6
- length: 113:16
- speed: Fast
- version: 1.26 W3XP
- replay type: Public
» download(474 KB)
Players
team 1 (loser)

»
rty4ka (
green | 61 APM | 6887 actions | 113:15)
7 Archmage
3 Summon Water Elemental
3 Brilliance Aura
1 Mass Teleport
6 Mountain King
3 Storm Bolt
2 Bash
1 Avatar
7 Paladin
3 Holy Light
3 Divine Shield
1 Resurrection
» actions
| Assign group hotkey | 235 | |
| Basic commands | 159 | |
| Build / train | 232 | |
| Enter build submenu | 60 | |
| Enter hero's abilities submenu | 20 | |
| Give item / drop item | 2 | |
| Remove unit from queue | 5 | |
| Right click | 2378 | |
| Select / deselect | 927 | |
| Select group hotkey | 2578 | |
| Use ability | 290 | |
6887 total
» units
| Peasant | 33 | |
| Footman | 8 | |
| Gryphon Rider | 39 | |
| Knight | 9 | |
| Spell Breaker | 5 | |
| Priest | 3 | |
| Dragonhawk Rider | 8 | |
| Sorceress | 1 | |
| Wind Rider | 27 | |
133 total
» upgrades
| Swords | 3 | |
| Lumber Harvesting | 2 | |
| Masonry | 3 | |
| Armor | 3 | |
| Storm Hammers | 1 | |
| Animal War Training | 1 | |
| Priest Training | 2 | |
| Cloud | 1 | |
| Magic Sentry | 1 | |
| Backpack | 1 | |
| Gunpowder | 1 | |
| Long Rifles | 1 | |
| Defend | 1 | |
| Sorceress Training | 2 | |
| Control Magic | 1 | |
| Plating | 2 | |
| Pillage | 1 | |
27 total
» buildings
| Farm | 15 | |
| Altar of Kings | 1 | |
| Barracks | 2 | |
| Scout Tower | 27 | |
| Arcane Tower | 9 | |
| Arcane Vault | 2 | |
| Town Hall | 11 | |
| Lumber Mill | 1 | |
| Keep | 1 | |
| Blacksmith | 1 | |
| Guard Tower | 12 | |
| Castle | 1 | |
| Gryphon Aviary | 3 | |
| Arcane Sanctum | 1 | |
| Voodoo Lounge | 1 | |
| Beastiary | 2 | |
| Orc Burrow | 1 | |
91 total
» build order
00:07 Farm
00:10 Altar of Kings
00:21 Barracks
00:45 Farm
01:33 Farm
01:55 Scout Tower
02:34 Arcane Tower
03:24 Scout Tower
03:49 Arcane Tower
04:39 Arcane Vault
04:48 Farm
04:58 Town Hall
05:04 Scout Tower
05:42 Scout Tower
05:48 Lumber Mill
06:38 Arcane Tower
07:04 Keep
07:06 Scout Tower
07:11 Scout Tower
07:25 Scout Tower
07:29 Arcane Vault
07:33 Scout Tower
07:41 Arcane Tower
07:44 Farm
08:30 Arcane Tower
08:34 Blacksmith
08:52 Guard Tower
09:16 Farm
10:17 Castle
10:32 Gryphon Aviary
10:33 Gryphon Aviary
10:34 Gryphon Aviary
11:27 Farm
11:30 Farm
13:42 Scout Tower
13:44 Scout Tower
13:45 Scout Tower
13:46 Scout Tower
14:35 Arcane Sanctum
14:38 Farm
14:38 Farm
14:40 Farm
14:41 Farm
16:10 Guard Tower
18:11 Scout Tower
21:46 Guard Tower
47:50 Town Hall
48:32 Scout Tower
48:38 Scout Tower
51:16 Scout Tower
52:40 Arcane Tower
54:06 Scout Tower
57:50 Arcane Tower
60:37 Scout Tower
60:37 Scout Tower
60:39 Scout Tower
60:40 Scout Tower
60:42 Scout Tower
60:43 Scout Tower
60:44 Scout Tower
61:17 Arcane Tower
61:42 Scout Tower
61:44 Scout Tower
61:47 Arcane Tower
61:52 Guard Tower
62:10 Guard Tower
62:15 Guard Tower
62:24 Scout Tower
62:29 Farm
62:39 Guard Tower
62:44 Guard Tower
62:55 Guard Tower
63:04 Guard Tower
63:04 Guard Tower
63:04 Guard Tower
66:21 Farm
80:49 Voodoo Lounge
80:51 Beastiary
80:52 Beastiary
81:53 Orc Burrow
107:11 Town Hall
107:18 Town Hall
107:25 Town Hall
107:37 Town Hall
107:54 Town Hall
108:21 Town Hall
108:26 Town Hall
110:45 Town Hall
111:00 Town Hall
111:16 Barracks
112:30 Farm
» items
| Healing Salve | 1 | |
| Scroll of Speed | 1 | |
| Scroll of Town Portal | 6 | |
| Potion of Healing | 3 | |
| Scroll of Regeneration | 5 | |
| Lesser Clarity Potion | 3 | |
| Potion of Mana | 1 | |
20 total
itsallgravy89 (
pink | 33 APM | 2510 actions | 76:20)
6 Mountain King
3 Thunder Clap
2 Bash
1 Avatar
» actions
| Assign group hotkey | 34 | |
| Basic commands | 76 | |
| Build / train | 166 | |
| Enter build submenu | 40 | |
| Enter hero's abilities submenu | 7 | |
| Right click | 1039 | |
| Select / deselect | 802 | |
| Select group hotkey | 261 | |
| Use ability | 85 | |
2510 total
» units
| Peasant | 55 | |
| Footman | 6 | |
| Rifleman | 17 | |
| Polar Furbolg Shaman | 1 | |
| Knight | 9 | |
| Siege Engine | 6 | |
| Mortar Team | 11 | |
| Flying Machine | 18 | |
123 total
» upgrades
| Swords | 2 | |
| Gunpowder | 3 | |
| Armor | 4 | |
| Lumber Harvesting | 1 | |
| Long Rifles | 1 | |
| Masonry | 1 | |
| Animal War Training | 1 | |
| Plating | 3 | |
| Barrage | 1 | |
| Fragmentation Shards | 2 | |
| Flak Cannons | 1 | |
| Flying Machine Bombs | 1 | |
21 total
» buildings
| Altar of Kings | 1 | |
| Farm | 16 | |
| Barracks | 2 | |
| Blacksmith | 1 | |
| Lumber Mill | 1 | |
| Keep | 3 | |
| Town Hall | 2 | |
| Scout Tower | 7 | |
| Arcane Tower | 2 | |
| Arcane Vault | 1 | |
| Guard Tower | 3 | |
| Castle | 1 | |
| Workshop | 2 | |
42 total
» build order
00:14 Altar of Kings
00:23 Farm
00:43 Barracks
01:01 Farm
01:52 Farm
02:32 Blacksmith
02:44 Farm
03:10 Lumber Mill
03:28 Farm
04:22 Farm
04:59 Keep
05:41 Barracks
09:37 Farm
10:17 Town Hall
11:22 Farm
11:34 Scout Tower
16:15 Farm
18:21 Arcane Tower
21:28 Town Hall
21:42 Arcane Vault
23:44 Farm
24:30 Farm
25:16 Farm
28:16 Keep
28:21 Scout Tower
28:24 Scout Tower
31:47 Keep
31:59 Scout Tower
33:29 Scout Tower
33:30 Arcane Tower
34:00 Guard Tower
34:03 Scout Tower
34:08 Castle
34:55 Scout Tower
35:51 Guard Tower
35:52 Guard Tower
47:05 Workshop
47:14 Workshop
65:40 Farm
66:38 Farm
71:20 Farm
72:06 Farm
» items
bubbba (
orange | 43 APM | 3436 actions | 79:49)
10 Blademaster
3 Wind Walk
3 Critical Strike
1 Bladestorm
3 Mirror Image
1 Goblin Tinker
1 Pocket Factory
» actions
| Assign group hotkey | 139 | |
| Basic commands | 86 | |
| Build / train | 116 | |
| ESC pressed | 1 | |
| Enter build submenu | 64 | |
| Enter hero's abilities submenu | 11 | |
| Give item / drop item | 7 | |
| Right click | 1547 | |
| Select / deselect | 545 | |
| Select group hotkey | 684 | |
| Use ability | 236 | |
3436 total
» units
| Peon | 27 | |
| Wind Rider | 5 | |
| Troll Batrider | 16 | |
| Demolisher | 1 | |
| Spirit Walker | 3 | |
| Tauren | 1 | |
| Barbed Arachnathid | 1 | |
54 total
» upgrades
| Ranged Weapons | 4 | |
| Reinforced Defenses | 1 | |
| Witch Doctor Training | 2 | |
| Armor | 3 | |
| Troll Regeneration | 1 | |
| Shaman Training | 2 | |
| Envenomed Spears | 1 | |
| Liquid Fire | 1 | |
| Spirit Walker Training | 2 | |
| Spiked Barricades | 3 | |
| Burning Oil | 1 | |
| Ensnare | 1 | |
| Melee Weapons | 2 | |
24 total
» buildings
| Altar of Storms | 1 | |
| Orc Burrow | 8 | |
| War Mill | 3 | |
| Voodoo Lounge | 1 | |
| Stronghold | 3 | |
| Watch Tower | 42 | |
| Beastiary | 3 | |
| Fortress | 1 | |
| Great Hall | 1 | |
| Barracks | 4 | |
| Spirit Lodge | 6 | |
| Tauren Totem | 1 | |
74 total
» build order
00:05 Altar of Storms
00:19 Orc Burrow
00:45 War Mill
01:11 Voodoo Lounge
02:20 Stronghold
02:20 Stronghold
02:45 Watch Tower
02:49 Orc Burrow
03:12 Watch Tower
03:15 Watch Tower
03:37 Watch Tower
03:56 Watch Tower
04:18 Watch Tower
04:57 Beastiary
05:25 Beastiary
05:47 Orc Burrow
07:45 Fortress
09:06 Great Hall
09:10 Watch Tower
09:11 Watch Tower
09:12 Watch Tower
09:22 Orc Burrow
10:20 Watch Tower
10:22 Watch Tower
11:03 Watch Tower
14:34 Watch Tower
14:35 Watch Tower
17:21 Barracks
17:22 Spirit Lodge
18:00 Orc Burrow
18:01 Orc Burrow
19:21 Watch Tower
19:22 Watch Tower
19:26 Watch Tower
19:28 Watch Tower
20:02 War Mill
21:40 Watch Tower
21:41 Watch Tower
21:42 Watch Tower
21:43 Watch Tower
22:06 Watch Tower
23:16 Watch Tower
23:17 Watch Tower
24:54 Beastiary
26:08 Watch Tower
31:12 Watch Tower
31:13 Orc Burrow
31:16 Watch Tower
31:23 Watch Tower
31:24 Watch Tower
37:06 Watch Tower
37:07 Watch Tower
37:08 Watch Tower
37:09 Watch Tower
37:09 Watch Tower
37:10 Watch Tower
37:12 Watch Tower
37:13 Watch Tower
37:14 Watch Tower
37:22 Watch Tower
38:11 Watch Tower
38:12 Watch Tower
38:48 Orc Burrow
41:48 War Mill
49:53 Barracks
49:57 Barracks
49:58 Barracks
51:19 Spirit Lodge
51:19 Spirit Lodge
51:20 Spirit Lodge
51:23 Spirit Lodge
51:36 Tauren Totem
52:05 Spirit Lodge
» items
| Lesser Clarity Potion | 9 | |
| Healing Salve | 4 | |
| Scroll of Speed | 1 | |
| Orb of Lightning | 1 | |
| Tiny Great Hall | 3 | |
| Scroll of Town Portal | 1 | |
| Potion of Healing | 1 | |
| Potion of Mana | 1 | |
21 total
team 2 (winner)
tiptoptoptip (
yellow | 97 APM | 4234 actions | 43:38)
6 Crypt Lord
3 Carrion Beetles
2 Spiked Carapace
1 Locust Swarm
5 Death Knight
3 Death Coil
2 Unholy Aura
6 Lich
3 Frost Nova
2 Dark Ritual
1 Death and Decay
1 Archmage
1 Brilliance Aura
» actions
| Assign group hotkey | 104 | |
| Basic commands | 430 | |
| Build / train | 151 | |
| Enter build submenu | 28 | |
| Enter hero's abilities submenu | 19 | |
| Give item / drop item | 1 | |
| Remove unit from queue | 14 | |
| Right click | 1002 | |
| Select / deselect | 952 | |
| Select group hotkey | 1360 | |
| Use ability | 172 | |
4234 total
» units
| Acolyte | 14 | |
| Ghoul | 7 | |
| Crypt Fiend | 12 | |
| Obsidian Statue | 12 | |
| Frost Wyrm | 13 | |
| Knight | -4 | |
54 total
» upgrades
| Creature Attack | 3 | |
| Web | 1 | |
| Creature Carapace | 3 | |
| Destroyer Form | 1 | |
| Freezing Breath | 1 | |
| Priest Training | 1 | |
| Sorceress Training | | |
10 total
» buildings
| Crypt | 1 | |
| Altar of Darkness | 1 | |
| Ziggurat | 14 | |
| Graveyard | 1 | |
| Tomb of Relics | 1 | |
| Spirit Tower | 12 | |
| Halls of the Dead | 3 | |
| Black Citadel | 4 | |
| Slaughterhouse | 1 | |
| Sacrificial Pit | 1 | |
| Boneyard | 2 | |
41 total
» build order
00:21 Crypt
00:22 Altar of Darkness
00:35 Ziggurat
01:04 Graveyard
01:18 Ziggurat
02:09 Tomb of Relics
04:09 Spirit Tower
04:10 Spirit Tower
04:36 Halls of the Dead
04:36 Halls of the Dead
04:36 Halls of the Dead
05:04 Ziggurat
06:31 Ziggurat
07:25 Black Citadel
07:25 Black Citadel
07:26 Black Citadel
08:01 Spirit Tower
08:01 Spirit Tower
08:59 Slaughterhouse
11:39 Ziggurat
13:46 Sacrificial Pit
14:39 Ziggurat
14:40 Ziggurat
16:56 Ziggurat
17:02 Ziggurat
17:22 Boneyard
17:27 Boneyard
17:32 Spirit Tower
17:33 Spirit Tower
17:56 Ziggurat
17:57 Ziggurat
23:23 Ziggurat
23:23 Ziggurat
25:29 Spirit Tower
25:29 Spirit Tower
28:22 Ziggurat
» items
| Scroll of Regeneration | 1 | |
| Scroll of Town Portal | 3 | |
| Orb of Corruption | 2 | |
6 total
bannedfromwc3 (
blue | 45 APM | 5065 actions | 113:16)
8 Archmage
3 Blizzard
3 Brilliance Aura
1 Mass Teleport
1 Summon Water Elemental
6 Goblin Tinker
3 Pocket Factory
3 Engineering Upgrade
3 Paladin
3 Devotion Aura
2 Mountain King
2 Bash
3 Death Knight
1 Unholy Aura
1 Animate Dead
1 Death Pact
2 Crypt Lord
1 Spiked Carapace
1 Impale
1 Lich
1 Dark Ritual
» actions
| Assign group hotkey | 67 | |
| Basic commands | 249 | |
| Build / train | 216 | |
| ESC pressed | 3 | |
| Enter build submenu | 61 | |
| Enter hero's abilities submenu | 28 | |
| Give item / drop item | 16 | |
| Right click | 1770 | |
| Select / deselect | 1083 | |
| Select group hotkey | 1076 | |
| Use ability | 496 | |
5065 total
» units
| Peasant | 36 | |
| Dragonhawk Rider | 5 | |
| Mortar Team | 4 | |
| Priest | 5 | |
| Sorceress | 5 | |
| Siege Engine | 4 | |
| Frost Wyrm | 3 | |
| Crypt Fiend | 3 | |
| Obsidian Statue | 1 | |
| Gryphon Rider | 3 | |
69 total
» upgrades
| Masonry | 3 | |
| Lumber Harvesting | 2 | |
| Swords | 4 | |
| Gunpowder | 4 | |
| Armor | 4 | |
| Plating | 4 | |
| Magic Sentry | 1 | |
| Sorceress Training | 3 | |
| Priest Training | 3 | |
| Storm Hammers | 1 | |
| Cloud | 1 | |
| Flak Cannons | 1 | |
| Fragmentation Shards | 1 | |
| Flare | 1 | |
| Flying Machine Bombs | 1 | |
| Barrage | 1 | |
| Animal War Training | 1 | |
36 total
» buildings
| Altar of Kings | 1 | |
| Farm | 21 | |
| Lumber Mill | 59 | |
| Scout Tower | 109 | |
| Arcane Tower | 6 | |
| Arcane Vault | 3 | |
| Keep | 2 | |
| Town Hall | 6 | |
| Guard Tower | 26 | |
| Castle | 2 | |
| Blacksmith | 3 | |
| Arcane Sanctum | 1 | |
| Gryphon Aviary | 6 | |
| Workshop | 4 | |
| Barracks | 1 | |
| Cannon Tower | 5 | |
255 total
» build order
00:23 Altar of Kings
00:28 Farm
00:42 Lumber Mill
01:10 Farm
01:14 Scout Tower
01:51 Arcane Tower
02:28 Farm
02:50 Arcane Vault
04:04 Scout Tower
04:05 Scout Tower
04:06 Scout Tower
04:06 Scout Tower
04:07 Scout Tower
04:08 Scout Tower
04:09 Scout Tower
04:09 Scout Tower
05:07 Keep
05:22 Town Hall
05:28 Scout Tower
05:30 Scout Tower
05:31 Scout Tower
05:32 Scout Tower
05:45 Guard Tower
06:01 Guard Tower
06:56 Guard Tower
06:58 Arcane Tower
07:00 Scout Tower
07:01 Scout Tower
07:03 Scout Tower
07:07 Scout Tower
07:09 Scout Tower
07:09 Scout Tower
07:10 Scout Tower
07:11 Scout Tower
07:53 Guard Tower
07:53 Guard Tower
08:24 Castle
08:28 Guard Tower
08:30 Guard Tower
08:30 Guard Tower
09:16 Scout Tower
09:17 Scout Tower
09:20 Scout Tower
09:20 Scout Tower
09:21 Scout Tower
09:22 Scout Tower
09:28 Farm
09:29 Farm
09:30 Farm
09:33 Blacksmith
09:33 Blacksmith
09:36 Arcane Sanctum
10:09 Guard Tower
10:13 Guard Tower
10:13 Guard Tower
11:33 Town Hall
12:04 Scout Tower
12:06 Scout Tower
12:08 Scout Tower
12:08 Scout Tower
12:09 Scout Tower
12:10 Scout Tower
12:10 Scout Tower
12:11 Scout Tower
12:43 Scout Tower
12:44 Scout Tower
12:45 Scout Tower
12:45 Scout Tower
12:46 Scout Tower
12:47 Scout Tower
12:47 Scout Tower
12:48 Scout Tower
13:55 Guard Tower
14:17 Gryphon Aviary
14:19 Workshop
14:21 Barracks
14:23 Gryphon Aviary
15:45 Cannon Tower
15:48 Cannon Tower
15:48 Cannon Tower
15:50 Cannon Tower
15:50 Cannon Tower
15:57 Scout Tower
15:58 Scout Tower
15:59 Scout Tower
15:59 Scout Tower
16:00 Scout Tower
16:01 Scout Tower
16:02 Scout Tower
16:03 Scout Tower
16:04 Scout Tower
16:04 Scout Tower
16:05 Scout Tower
16:06 Scout Tower
16:07 Scout Tower
16:08 Scout Tower
16:50 Guard Tower
17:12 Guard Tower
17:35 Guard Tower
18:48 Town Hall
19:07 Guard Tower
19:09 Guard Tower
19:30 Farm
19:30 Farm
19:31 Farm
21:55 Gryphon Aviary
21:55 Gryphon Aviary
21:57 Gryphon Aviary
21:58 Gryphon Aviary
23:29 Lumber Mill
23:30 Lumber Mill
23:30 Lumber Mill
23:30 Lumber Mill
23:31 Lumber Mill
23:31 Lumber Mill
23:31 Lumber Mill
23:31 Lumber Mill
23:32 Lumber Mill
23:32 Lumber Mill
23:32 Lumber Mill
23:32 Lumber Mill
23:33 Lumber Mill
23:33 Lumber Mill
23:33 Lumber Mill
23:33 Lumber Mill
23:34 Lumber Mill
23:34 Lumber Mill
23:34 Lumber Mill
23:34 Lumber Mill
23:35 Lumber Mill
23:35 Lumber Mill
23:35 Lumber Mill
23:36 Lumber Mill
23:36 Lumber Mill
25:51 Lumber Mill
25:52 Lumber Mill
25:52 Lumber Mill
25:52 Lumber Mill
25:52 Lumber Mill
25:53 Lumber Mill
25:53 Lumber Mill
25:53 Lumber Mill
25:53 Lumber Mill
25:54 Lumber Mill
25:54 Lumber Mill
25:54 Lumber Mill
27:42 Town Hall
27:44 Scout Tower
27:44 Scout Tower
27:45 Scout Tower
27:45 Scout Tower
27:45 Scout Tower
27:46 Scout Tower
27:46 Scout Tower
27:46 Scout Tower
27:47 Scout Tower
27:47 Scout Tower
27:47 Scout Tower
27:48 Scout Tower
27:48 Scout Tower
27:48 Scout Tower
27:49 Scout Tower
27:49 Scout Tower
27:50 Scout Tower
27:50 Scout Tower
28:20 Guard Tower
28:53 Guard Tower
29:46 Guard Tower
32:44 Guard Tower
34:24 Town Hall
34:38 Scout Tower
34:38 Scout Tower
34:39 Scout Tower
34:40 Scout Tower
35:09 Guard Tower
35:30 Scout Tower
35:31 Scout Tower
35:31 Scout Tower
35:32 Scout Tower
35:34 Scout Tower
36:01 Guard Tower
36:08 Guard Tower
36:10 Scout Tower
36:11 Scout Tower
36:11 Scout Tower
36:14 Scout Tower
36:17 Scout Tower
36:17 Scout Tower
36:18 Scout Tower
36:24 Scout Tower
36:26 Scout Tower
36:53 Guard Tower
41:19 Keep
41:42 Scout Tower
41:43 Scout Tower
41:43 Scout Tower
41:44 Scout Tower
41:45 Scout Tower
41:46 Scout Tower
42:20 Guard Tower
47:46 Castle
51:08 Arcane Tower
64:28 Scout Tower
64:29 Scout Tower
64:30 Scout Tower
65:24 Arcane Tower
65:49 Arcane Tower
85:45 Arcane Tower
102:18 Town Hall
104:49 Farm
104:49 Farm
104:49 Farm
104:50 Farm
104:50 Farm
104:52 Farm
104:53 Farm
104:53 Farm
104:53 Farm
105:36 Blacksmith
107:24 Farm
107:25 Farm
107:25 Farm
109:53 Workshop
109:54 Workshop
109:54 Workshop
110:54 Arcane Vault
110:56 Arcane Vault
» items
| Scroll of Regeneration | 2 | |
| Lesser Clarity Potion | 2 | |
| Staff of Sanctuary | 2 | |
| Ivory Tower | 19 | |
| Scroll of Town Portal | 10 | |
| Potion of Healing | 2 | |
| Potion of Mana | 1 | |
| Orb of Corruption | 2 | |
| Orb of Fire | 1 | |
41 total
vain. (
red | 46 APM | 1308 actions | 28:20)
4 Mountain King
2 Storm Bolt
1 Bash
1 Thunder Clap
3 Paladin
2 Holy Light
1 Divine Shield
2 Archmage
1 Blizzard
1 Summon Water Elemental
» actions
| Assign group hotkey | 68 | |
| Basic commands | 44 | |
| Build / train | 63 | |
| Enter build submenu | 22 | |
| Enter hero's abilities submenu | 9 | |
| Right click | 773 | |
| Select / deselect | 195 | |
| Select group hotkey | 72 | |
| Use ability | 62 | |
1308 total
» units
| Peasant | 6 | |
| Footman | 6 | |
| Knight | 8 | |
| Priest | 9 | |
| Sorceress | 2 | |
| Dragonhawk Rider | 7 | |
38 total
» upgrades
| Defend | 1 | |
| Animal War Training | 1 | |
| Priest Training | 1 | |
| Plating | 1 | |
| Swords | 1 | |
5 total
» buildings
| Altar of Kings | 1 | |
| Farm | 16 | |
| Barracks | 1 | |
| Scout Tower | 2 | |
| Arcane Vault | 1 | |
| Arcane Tower | 1 | |
| Keep | 1 | |
| Lumber Mill | 1 | |
| Castle | 1 | |
| Arcane Sanctum | 1 | |
| Guard Tower | 1 | |
| Blacksmith | 1 | |
| Gryphon Aviary | 1 | |
29 total
» build order
00:13 Altar of Kings
00:17 Farm
00:32 Barracks
00:45 Farm
01:18 Farm
01:27 Scout Tower
02:19 Arcane Vault
02:25 Arcane Tower
03:50 Keep
04:07 Farm
04:08 Farm
04:14 Farm
04:22 Farm
04:46 Lumber Mill
05:54 Farm
05:58 Farm
06:04 Scout Tower
06:25 Castle
07:08 Arcane Sanctum
07:22 Guard Tower
07:48 Blacksmith
07:57 Farm
11:47 Farm
11:49 Farm
11:51 Farm
20:41 Gryphon Aviary
21:44 Farm
21:47 Farm
21:48 Farm
» items
| Scroll of Regeneration | 2 | |
| Scroll of Town Portal | 1 | |
3 total
Chat log
(00:10 / 7) bannedfromwc3: we could try to stalemate this
(00:16 / 6) bubbba: ok
(00:17 / 7) bannedfromwc3: i doubt they woudl stay long enough to drain mines for a perch
(00:40 / 6) bubbba: i have 2 hu allies maybe theyre smart enough to tower
(00:53 / 6) bubbba: when they see me owering
(01:31 / 6) bubbba: should i go for the chokes
(01:37 / 7) bannedfromwc3: nah just tower you rbase
(01:45 / 7) bannedfromwc3: towering this map takes a team effot and even then its hard to get it all
(01:59 / 7) bannedfromwc3: im gonna go light on the twoers and focus on expoing at the start
(02:01 / 6) bubbba: guess ill fast tech and wyv creep
(02:06 / 6) bubbba: so i can expo
(02:08 / 6) bubbba: these morons wont
(02:11 / 7) bannedfromwc3: yeah thats the other thing
(02:15 / 7) bannedfromwc3: this map has shitloads of creeps
(02:27 / 6) bubbba: should i harass
(02:33 / 6) bubbba: green said "leave plz" in ally chat
(02:35 / 7) bannedfromwc3: creep thsoe orange sptos
(02:55 / 7) bannedfromwc3: the guy in back
(03:01 / 6) bubbba: oh wow
(03:02 / 7) bannedfromwc3: drops boots of speed
(03:03 / 6) bubbba: green actually expod
(03:06 / 6) bubbba: a terrible spot
(03:43 / 6) bubbba: what race are they again
(03:58 / 7) bannedfromwc3: my allise are hu ud
(04:01 / 6) bubbba: ok
(05:12 / 6) bubbba: greens actually doing a decent expo
(05:18 / 6) bubbba: how are your allies
(05:37 / 7) bannedfromwc3: they seem a bit dumb
(06:37 / 6) bubbba: well green cant multitask for shit
(07:53 / 6) bubbba: hmm 2 periapts
(12:00 / 6) bubbba: hmm should i help green
(12:23 / 7) bannedfromwc3: nah thats basically my teams whole army
(12:48 / Allies) vain.: =.=
(12:52 / Allies) vain.: what a retarded archmage
(13:03 / Allies) tiptoptoptip: fucking blue
(13:07 / 6) bubbba: lol nice
(13:11 / Allies) tiptoptoptip: u best cancel that shit
(13:16 / Allies) tiptoptoptip: u aint taking my exp
(13:27 / 6) bubbba: green: pink where is your towers?
(13:36 / 7) bannedfromwc3: this retard let me build at his expo
(13:37 / 6) bubbba: nice
(13:41 / 7) bannedfromwc3: then cappted it right when the main finished
(13:43 / 7) bannedfromwc3: and told me i couldnt use it
(13:59 / 6) bubbba: BLINK DAGGER
(14:03 / 7) bannedfromwc3: nie
(14:05 / 7) bannedfromwc3: nice
(14:22 / 6) bubbba: soo
(14:24 / 6) bubbba: i can perch now
(14:27 / 6) bubbba: if needed lol
(14:41 / 6) bubbba: these guys might actually goalong with it
(14:44 / 6) bubbba: greens pretty tower happy
(15:33 / 7) bannedfromwc3: this turd has been begging to get tked all game
(15:34 / 6) bubbba: shit
(15:37 / 6) bubbba: i missed the mask of death
(16:20 / 6) bubbba: sweet
(16:22 / 6) bubbba: lvl 6 off creeps
(16:33 / 6) bubbba: aw
(17:02 / 6) bubbba: now i wanna piss off red
(17:06 / 6) bubbba: more than anything
(17:12 / 6) bubbba: and pink
(17:17 / 6) bubbba: for not giving my bm the mask
(17:28 / 7) bannedfromwc3: yeah my ally has come sprinting like a rat every time i creep anything
(17:31 / 7) bannedfromwc3: he stole my vamp aura item
(17:40 / 6) bubbba: well
(17:49 / 6) bubbba: if you can put up a good defense i can set up a perch
(17:54 / 6) bubbba: but i dont wanna wait that long
(18:12 / 6) bubbba: i can always just mass demos and ks
(18:29 / 6) bubbba: theyll never escape with my blink dagger :)
(20:45 / 6) bubbba: green and pink are already yelling at each other
(21:09 / 6) bubbba: care
(22:31 / 6) bubbba: wow
(22:32 / Allies) vain.: gold?
(22:34 / Allies) vain.: for tp?
(22:36 / 6) bubbba: its like pure attack move
(22:44 / 6) bubbba: gryphon just sitting there with 1 hp
(22:48 / 6) bubbba: they dont attack
(22:52 / 7) bannedfromwc3: ur hu ally gave up
(22:55 / 7) bannedfromwc3: he wont stay another minute
(22:59 / 6) bubbba: destro not absorbing
(24:06 / 6) bubbba: lol
(24:10 / 6) bubbba: green wants pink to die
(24:28 / 7) bannedfromwc3: why would a russian come east to play 3s rt
(24:31 / Allies) vain.: hit..?
(24:35 / 6) bubbba: pink: what should we do? green: you should shoot yourself and your dogs
(24:41 / 7) bannedfromwc3: lmao
(25:10 / 6) bubbba: pinks mass rifle
(25:10 / 6) bubbba: lol
(25:31 / 6) bubbba: w
(25:34 / 6) bubbba: worst army to tp against hawks
(26:10 / 7) bannedfromwc3: take my team down a notch i think
(26:12 / 7) bannedfromwc3: dont wipe them out tho
(26:17 / 6) bubbba: ok who
(26:18 / 6) bubbba: red or yel
(26:25 / 7) bannedfromwc3: ud expod far right
(26:30 / 6) bubbba: pink using a 3 food unit to scout for the win
(26:50 / 6) bubbba: 64/96 with 3 peasants on gold
(26:50 / 6) bubbba: wow
(27:31 / All) itsallgravy89: wow
(27:45 / 6) bubbba: consider red down a notch
(28:08 / 7) bannedfromwc3: pink is pretty much dead
(28:25 / 6) bubbba: woohoo
(28:44 / 6) bubbba: green and yellow stalemate?
(29:31 / 7) bannedfromwc3: maybe i should perch
(29:34 / 6) bubbba: want the dagge?
(29:38 / 7) bannedfromwc3: i have mass tp
(29:42 / 7) bannedfromwc3: hmm
(29:42 / 6) bubbba: ok
(29:44 / 7) bannedfromwc3: yeah loan it to me
(29:44 / 6) bubbba: can you get up there?
(29:50 / 7) bannedfromwc3: windwalk and drop it mid
(29:51 / 7) bannedfromwc3: then run away
(29:52 / 7) bannedfromwc3: and ill grab it
(30:04 / 6) bubbba: see it?
(30:10 / 7) bannedfromwc3: ya
(30:26 / 6) bubbba: keep it youll need it more
(30:53 / 6) bubbba: pink just mass fed
(31:07 / 6) bubbba: while green is doing a dance with his militia
(31:39 / 6) bubbba: "orange has 17000 gold and you say i suck"
(31:45 / 6) bubbba: should i give pink some
(31:51 / 7) bannedfromwc3: give him like 800
(31:53 / 6) bubbba: or berate him for saying i suck and make him apologize
(31:59 / 6) bubbba: i gave 100
(32:06 / 6) bubbba: that may cause a ragequit
(33:38 / 7) bannedfromwc3: the perch is udnr way
(33:40 / 7) bannedfromwc3: top left
(33:41 / 6) bubbba: ok
(33:51 / 6) bubbba: should i work on making yellow leave
(33:57 / 7) bannedfromwc3: ya
(34:00 / 6) bubbba: ok
(34:02 / 6) bubbba: bats away
(34:52 / 6) bubbba: raped
(35:06 / 6) bubbba: 2 heroes 5 wyrms 2 destros
(35:55 / 6) bubbba: "orange make good units bombers blow"
(35:59 / 6) bubbba: says mr rifle feed
(36:02 / 6) bubbba: pink
(36:13 / 6) bubbba: after i just did more than he did all game in 5 sec
(36:40 / 7) bannedfromwc3: my perch looks pretty solid
(36:51 / 6) bubbba: ill try to hog all the gold
(36:54 / 6) bubbba: not that it matters
(36:56 / 7) bannedfromwc3: afk a bit i g2g bqathroom
(36:59 / 6) bubbba: theyre too dumb to mass hawks
(37:02 / All) rty4ka: orange have 21k gold rofl
(38:29 / 6) bubbba: "orange we must kill yellow and then its easy 3v1"
(38:33 / 6) bubbba: lol
(40:45 / 7) bannedfromwc3: back
(40:50 / 7) bannedfromwc3: have they foudn it
(40:57 / 6) bubbba: nope
(41:36 / 6) bubbba: jesus
(41:38 / 6) bubbba: yellow is so bad
(42:00 / 7) bannedfromwc3: kill off our udnead
(42:04 / 7) bannedfromwc3: if u can
(42:16 / 6) bubbba: lol
(42:37 / 6) bubbba: pinks mad
(43:26 / 6) bubbba: lmao yellow feeding more
(43:39 / 7) bannedfromwc3: our ud has no mine and hes at 1200 gold, 25 food
(43:41 / 7) bannedfromwc3: there we go
(43:46 / 6) bubbba: woohoo
(44:06 / 6) bubbba: green wants 600 g for expo
(44:11 / 6) bubbba: should i break silence and ask for the mask
(44:14 / 6) bubbba: nah i dont need it
(44:20 / 7) bannedfromwc3: tell him youll buy the mask for 2000
(44:26 / 7) bannedfromwc3: 2000 is harmless at this point
(44:26 / 6) bubbba: gave him 600 lumber
(44:44 / 6) bubbba: gave him lumber again
(44:52 / All) bubbba: ¿?
(45:08 / All) bubbba: masque
(45:12 / All) bubbba: por golds
(45:41 / 6) bubbba: want me to kill ud
(45:46 / 7) bannedfromwc3: go for it
(45:49 / 6) bubbba: so they dont get exp
(45:50 / 7) bannedfromwc3: i got what i want out of his base
(46:36 / All) bannedfromwc3: well my fag allies left
(46:40 / All) bannedfromwc3: but im staying til u kill my towers
(46:42 / All) bannedfromwc3: enjoy :)
(46:46 / All) itsallgravy89: yea well orange has 22000 in gold
(46:54 / All) bubbba: naranja
(47:03 / 7) bannedfromwc3: give them a bunch of gold
(47:07 / 7) bannedfromwc3: so this perch sees some action
(47:17 / All) bubbba: masque por golds ok no problem
(47:40 / All) bubbba: 2000 golds por masque you take o
(47:44 / All) bubbba: ok no problem yes
(49:19 / 6) bubbba: aw shit
(49:22 / 7) bannedfromwc3: lol saw that
(49:24 / 6) bubbba: lol
(49:48 / 6) bubbba: should i take uot greens expo now
(49:58 / 7) bannedfromwc3: no let them try to siege me
(50:05 / 6) bubbba: ok
(50:13 / 6) bubbba: now they want me to make bats
(50:15 / 6) bubbba: lmfao
(50:19 / 6) bubbba: horrible idea against mass towers
(50:27 / 6) bubbba: greens goin hawks
(50:41 / 6) bubbba: you have a sorc up there?
(50:46 / 7) bannedfromwc3: yeah 2
(51:10 / 6) bubbba: i should just mass walkers
(51:13 / 6) bubbba: to be annoying
(51:23 / 7) bannedfromwc3: you shoul dget 12 walkers and 1 tauren
(51:25 / 7) bannedfromwc3: and raise it over and over
(51:27 / 7) bannedfromwc3: in the middle of twoers
(51:28 / 6) bubbba: lol
(51:34 / 6) bubbba: ok
(51:44 / 7) bannedfromwc3: these guys morale must relaly be low
(51:46 / 7) bannedfromwc3: they arent doing shit
(51:53 / 6) bubbba: theyre waiting on gold
(52:20 / 7) bannedfromwc3: hes not mining with 5 miners
(54:10 / 7) bannedfromwc3: oh nice the russian has mass teleport
(54:13 / 7) bannedfromwc3: this might get interesting
(56:08 / 6) bubbba: god i gotta stop talking in ally chat
(56:44 / 7) bannedfromwc3: i have 99 + 78 + 23 food up here
(57:05 / 6) bubbba: green thinks he won
(57:13 / 6) bubbba: he's neglecting our friendship
(57:21 / 7) bannedfromwc3: did u ever get that mask off him
(57:27 / 6) bubbba: no
(57:28 / 6) bubbba: lol
(57:36 / 6) bubbba: i think he sold it to expo
(57:40 / All) bannedfromwc3: workin hard pink?
(57:42 / All) bannedfromwc3: or hardly workin?
(57:43 / 6) bubbba: i can use that to excuse a bs
(57:59 / 7) bannedfromwc3: lmao u have 28k
(58:11 / 7) bannedfromwc3: send the tauren squad in
(58:13 / 7) bannedfromwc3: before my towers are all dead
(58:19 / All) itsallgravy89: im just chilling getting high
(58:20 / 6) bubbba: lol k
(58:24 / All) itsallgravy89: this game is so long
(58:36 / 6) bubbba: man they alway bring up drugs for face saving
(58:45 / 7) bannedfromwc3: its only been like 35 minutes
(59:27 / 6) bubbba: they do the wave
(59:30 / 6) bubbba: every time he dies
(59:44 / 7) bannedfromwc3: wtf
(59:57 / 7) bannedfromwc3: i guess they all try to cast it
(60:36 / All) bannedfromwc3: surely you have enough wood by now
(61:13 / All) rty4ka: i nedd more
(61:28 / 6) bubbba: green sat in upkeep all this time for no reason
(61:47 / 7) bannedfromwc3: gotta keep the lumber industry buoyed up
(62:01 / 6) bubbba: wow
(62:03 / 7) bannedfromwc3: pinks at 82 food
(62:04 / 6) bubbba: this tauren push actually works
(62:05 / 7) bannedfromwc3: lmao
(62:08 / 6) bubbba: this could be viable
(62:11 / 6) bubbba: for counter perch
(62:21 / 6) bubbba: theyre overconfident
(62:30 / All) itsallgravy89: fiuck you blue
(62:39 / All) bannedfromwc3: fuk u jordan, high schools over
(63:07 / 7) bannedfromwc3: lmao 99 food morts
(63:12 / 6) bubbba: lololol
(63:22 / 6) bubbba: should i send a bat to the perch now
(63:26 / 7) bannedfromwc3: no
(63:26 / 6) bubbba: or let them explore
(63:29 / 7) bannedfromwc3: let them discover it naturally
(63:51 / 6) bubbba: pink
(63:59 / 6) bubbba: never killed his knights or rifles
(64:28 / All) itsallgravy89: what blue
(64:31 / 6) bubbba: you should probably start harrassing
(64:36 / All) bannedfromwc3: sigh
(64:39 / All) bannedfromwc3: this is the way the world ends
(64:46 / All) bannedfromwc3: gg,
(64:49 / All) bannedfromwc3: u played well
(64:51 / All) bannedfromwc3: and never gave up hope
(65:00 / All) rty4ka: oO
(65:02 / All) rty4ka: who there
(65:31 / 6) bubbba: need me to feed a hero?
(65:38 / 6) bubbba: i can just pretend to be useless with walkers until ou kill all 12
(65:53 / 7) bannedfromwc3: i dont think i wanna risk leaving this perch
(65:53 / 6) bubbba: heeere it comes
(65:55 / 6) bubbba: nope
(66:03 / 7) bannedfromwc3: he doesnt have flare
(66:03 / 6) bubbba: now the searching
(66:04 / 7) bannedfromwc3: for mortars
(66:05 / 6) bubbba: "where he at"
(66:12 / 6) bubbba: apparently
(66:16 / 7) bannedfromwc3: say "maybe he has a farm hidden in hour base"
(66:17 / 6) bubbba: greens pinging the corners
(66:19 / 6) bubbba: the wrong ones
(66:46 / 6) bubbba: oh shit
(66:47 / 6) bubbba: lol
(66:51 / All) bannedfromwc3: welcome to my kingdom
(66:55 / All) bannedfromwc3: my upper kingdom
(67:12 / 7) bannedfromwc3: hes the one with 99 food of land
(67:28 / 6) bubbba: he has enough to make some gryphs
(67:29 / All) rty4ka: i build the same on bottom rofl
(67:30 / 6) bubbba: or gryos
(67:34 / 7) bannedfromwc3: russia is already trihero
(67:39 / 7) bannedfromwc3: he cant even climb the hill
(67:41 / 7) bannedfromwc3: with tinker
(67:58 / 6) bubbba: ooh i should get a tinker
(68:06 / 7) bannedfromwc3: up 2 u
(68:09 / 6) bubbba: and be useless with it
(68:45 / All) bannedfromwc3: do not approach my borderlands, lowlanders
(68:56 / All) bannedfromwc3: only the pure in heart may climb the holy mountain
(69:17 / All) bannedfromwc3: pure in heart, pure in deed, no evil thought, no smoking weed
(69:18 / 6) bubbba: pinks gonna tower you
(69:20 / 6) bubbba: with so little gold
(69:31 / All) bannedfromwc3: i bet you guys are glad you mined all your gold at high upkeep
(69:36 / 6) bubbba: and less lumber
(69:40 / All) rty4ka: nope
(69:48 / All) rty4ka: orange always 50
(69:51 / All) rty4ka: limit
(69:54 / All) bubbba: treinta mil
(69:57 / All) bannedfromwc3: nice spirit waklers
(70:00 / All) bannedfromwc3: they look useful
(70:09 / All) bubbba: mariposa
(70:11 / All) bannedfromwc3: maybe they can ride the wind up here since they are ethereal
(70:27 / All) bubbba: burros intangibles
(70:47 / 6) bubbba: now theyre questioning how you got up there
(71:36 / All) itsallgravy89: fight me blue
(71:42 / 6) bubbba: the internet tough guy stage
(71:43 / 6) bubbba: nice
(71:54 / All) bannedfromwc3: bring it on
(72:11 / 6) bubbba: he still has the mask
(72:12 / 6) bubbba: that fucker
(72:20 / 7) bannedfromwc3: on a shitty mk
(72:24 / 6) bubbba: ya
(72:30 / 7) bannedfromwc3: 30 dps and spends most of its time hovering in the back
(72:36 / 7) bannedfromwc3: tell him to mass tp
(72:37 / 7) bannedfromwc3: to ur factory
(72:39 / 7) bannedfromwc3: lol
(72:59 / 7) bannedfromwc3: ooo gyros
(73:09 / 7) bannedfromwc3: only put them on the first stage
(73:16 / 6) bubbba: he wants 10k gold
(73:28 / 7) bannedfromwc3: it would all go to taxes
(73:37 / 7) bannedfromwc3: i wonder if its possible to explain that to in rter
(73:51 / 6) bubbba: hes gonna tell it
(73:51 / 6) bubbba: lol
(74:12 / 7) bannedfromwc3: put your psirit walkers up against hte cliff
(74:16 / 7) bannedfromwc3: and ill kill them when the coast is clear
(74:47 / 6) bubbba: oh shit
(75:12 / 6) bubbba: NICE
(75:15 / All) bannedfromwc3: upper kingdom : 1
(75:18 / All) bannedfromwc3: lowly churls: 0
(75:22 / All) itsallgravy89: fuck this
(75:29 / All) bubbba: adios
(75:36 / 7) bannedfromwc3: give him 3000
(75:48 / 7) bannedfromwc3: just enough to make another grip of units and lose htem
(75:57 / 7) bannedfromwc3: damn i lost one wyrm
(76:00 / 7) bannedfromwc3: and a spider
(76:24 / 7) bannedfromwc3: aww
(76:48 / 7) bannedfromwc3: ur tking him now?
(77:00 / 7) bannedfromwc3: wtf
(77:05 / 7) bannedfromwc3: hes helping
(77:10 / 6) bubbba: haha yeah
(77:12 / 6) bubbba: demoralized
(77:15 / 6) bubbba: doesnt know what else to do
(77:19 / 7) bannedfromwc3: give him a shitload of gold
(78:15 / 6) bubbba: lmao
(78:19 / 6) bubbba: nice
(78:53 / 6) bubbba: hes making pink tk himself
(79:03 / 7) bannedfromwc3: i think this game is played out
(79:05 / 7) bannedfromwc3: maybe you should leave
(79:11 / 6) bubbba: hmm
(79:29 / 7) bannedfromwc3: hes only tking for your sake at this point
(79:34 / 7) bannedfromwc3: if you leave hell either try again or quit
(79:40 / 6) bubbba: ok
(79:41 / 6) bubbba: peace
(79:44 / 7) bannedfromwc3: gg
(79:47 / All) bubbba: gg
(82:44 / All) bannedfromwc3: got enough wood yet?
(82:54 / All) rty4ka: sry
(82:58 / All) rty4ka: i watching film
(88:05 / All) bannedfromwc3: close !
(88:13 / 7) bannedfromwc3: i lost like 30 food total this time
(88:56 / Specific player) bannedfromwc3: he sent it all in attack moving over 4 tanks
(89:15 / Specific player) bannedfromwc3: i have 8 heros with orbs on all the melee ones
(89:28 / All) rty4ka: he leave who you talking?
(89:39 / All) bannedfromwc3: lol
(90:03 / All) bannedfromwc3: u still need wood?
(90:13 / All) rty4ka: yes
(91:57 / Specific player) bannedfromwc3: hes not een using the other humans base
(93:22 / Specific player) bannedfromwc3: he lost the 2nd wave of wyvs and bats
(93:38 / Specific player) bannedfromwc3: hes down to like 2 control groups now
(93:38 / All) rty4ka: i told you
(93:49 / All) rty4ka: we just 2 here
(94:02 / All) bannedfromwc3: i keep forgetting /r
(94:04 / All) bannedfromwc3: :)
(96:22 / All) bannedfromwc3: do you want to know how to get up the cliff?
(96:30 / All) rty4ka: i know
(96:32 / All) bannedfromwc3: tell me
(96:41 / All) rty4ka: goblin etc
(96:47 / All) bannedfromwc3: goblin factory
(96:49 / All) bannedfromwc3: then mass teleport
(96:52 / All) rty4ka: who can use spell on highground
(97:05 / All) rty4ka: why you repeat my words?
(97:32 / All) rty4ka: thats why i kill orc goblin hero
(97:39 / All) rty4ka: and my hero 2
(97:43 / All) bannedfromwc3: you didnt want to come?
(97:51 / All) rty4ka: sure
(97:56 / All) rty4ka: it boring
(98:00 / All) rty4ka: 3vs1
(98:04 / All) rty4ka: its anfaire
(98:18 / All) rty4ka: its like usa atack brazilians monkey
(98:26 / All) bannedfromwc3: lol
(98:27 / All) rty4ka: pure coutry cant defend
(98:48 / All) bannedfromwc3: you should have made batsnot wyvs
(98:51 / All) bannedfromwc3: blow up all my air
(99:00 / All) rty4ka: for what?
(99:06 / All) bannedfromwc3: for great justice
(99:11 / All) rty4ka: you ask it
(99:15 / All) rty4ka: i try do it
(99:22 / All) rty4ka: no need 2 kill your army
(99:27 / All) bannedfromwc3: first kill the air, then kill the towers
(99:37 / All) bannedfromwc3: also bloodlust and inner fire
(99:40 / All) rty4ka: if i want it i make mass tanks and tp 2 your base with goblin
(99:59 / All) bannedfromwc3: you would never get in
(100:05 / All) bannedfromwc3: id kill the factory faster than tp
(100:23 / All) rty4ka: sure )) i no need factory
(100:26 / All) rty4ka: i told you
(100:30 / All) bannedfromwc3: i learned this kind of strategy from highper.ch
(100:31 / All) rty4ka: you dont listen me
(100:37 / All) bannedfromwc3: replays like this at http://highper.ch
(100:44 / All) rty4ka: you know whats goblin?
(101:04 / All) rty4ka: you can use sorc
(101:08 / All) rty4ka: invisivle
(101:11 / All) rty4ka: on him
(101:14 / All) rty4ka: and then tp
(101:19 / All) rty4ka: you cant kill it
(101:27 / All) rty4ka: dont sad me
(101:33 / All) bannedfromwc3: the goblin doesnt go uphill when he throws a factory
(101:39 / All) bannedfromwc3: only the factory does
(101:43 / All) bannedfromwc3: you cant invis a factory
(102:03 / All) rty4ka: try it
(103:08 / All) rty4ka: shoud i help you 2 kill buildings?
(103:32 / All) bannedfromwc3: which 2 did you have in mind
(106:18 / All) rty4ka: wana kill bm?
(106:35 / All) bannedfromwc3: sure ill hve it
(106:56 / All) rty4ka: top right corner
(107:02 / All) rty4ka: near tavern
(108:03 / All) rty4ka: i build you more base
(108:11 / All) bannedfromwc3: lol for?
(108:11 / All) rty4ka: high score will be
(108:26 / All) bannedfromwc3: how come you dont play on northrend
(108:30 / All) bannedfromwc3: if you dont mind my asking
(108:47 / All) rty4ka: i answer you
(108:56 / All) rty4ka: you will have more score
(109:53 / All) rty4ka: dont foget about bm
(109:58 / All) rty4ka: he stay near tavern
(110:06 / All) bannedfromwc3: to be honest i could care less about the score
(110:13 / All) bannedfromwc3: the fun part was defending the mountain
(111:40 / All) rty4ka: dont worry
(111:45 / All) rty4ka: i care about your score
(111:50 / All) bannedfromwc3: lol